 Dungeon Crawl Stone Soup version 0.31.0-11-ge490571c62 (webtiles) character file.

Game seed: 17322991767778147325

6 ces the Charlatan (level 1, -3/19 HPs)
             Began as a Gnoll Wanderer on Feb 1, 2024.
             Slain by a quokka (4 damage)
             ... on level 1 of the Dungeon.
             The game lasted 00:00:29 (97 turns).

ces the Charlatan (Gnoll Wanderer)                    Turns: 97, Time: 00:00:29

Health: -3/19      AC:  2    Str: 10    XL:     1   Next: 90%
Magic:  4/4        EV: 11    Int: 10    God:
Gold:   16         SH:  0    Dex: 13    Spells: 5/5 levels left

rFire   . . .        a - +0 long sword
rCold   . . .        (no shield)
rNeg    . . .        e - +0 robe
rPois   .            (no helmet)
rElec   .            (no cloak)
rCorr   .            (no gloves)
SInv    .            (no boots)
Will    .....        (no amulet) Stlth
                     (no ring)
HPRegen 0.23/turn    (no ring)
MPRegen 0.09/turn

%: no passive effects
@: berserking, very quick
A: fangs 1, strong nose, distributed training
a: no special abilities


You were on level 1 of the Dungeon.
You visited 1 branch of the dungeon, and saw 1 of its levels.

You collected 16 gold pieces.

Inventory:

Hand Weapons
 a - a +0 long sword (weapon)
 b - a +0 quarterstaff
Armour
 e - a +0 robe (worn)
Wands
 c - a wand of flame (5) (quivered)
Scrolls
 f - a scroll of brand weapon {unknown}
 g - a scroll of teleportation {unknown}


   Skills:
 + Level 0.2 Fighting
 + Level 0.2 Short Blades
 + Level 6.4 Long Blades
 + Level 0.2 Axes
 + Level 0.2 Maces & Flails
 + Level 0.2 Polearms
 + Level 2.4 Staves
 + Level 0.2 Ranged Weapons
 + Level 0.2 Throwing
 + Level 2.4 Armour
 + Level 0.2 Dodging
 + Level 2.2 Stealth
 + Level 0.2 Shields
 + Level 0.2 Unarmed Combat
 + Level 2.6 Spellcasting
 + Level 0.1 Conjurations
 + Level 0.1 Hexes
 + Level 0.1 Summonings
 + Level 0.1 Necromancy
 + Level 0.1 Translocations
 + Level 0.1 Fire Magic
 + Level 0.1 Ice Magic
 + Level 0.1 Air Magic
 + Level 0.1 Earth Magic
 + Level 0.1 Alchemy
 + Level 0.3 Invocations
 + Level 6.4 Evocations
 + Level 0.2 Shapeshifting


You had 5 spell levels left.
You didn't know any spells.
Your spell library was empty.

Dungeon Overview and Level Annotations

Branches:
Dungeon (1/15)

Altars:


Innate Abilities, Weirdness & Mutations

You have very sharp teeth.
Your uncanny sense of smell can sniff out nearby items.
Your experience applies equally to all skills.


Message History

a +0 whip; a stone You now have 16 gold pieces.
An endoplasm comes into view.
Found a book of Winter.
An endoplasm is nearby!
An endoplasm is nearby! 2 hobgoblins come into view.
Found 5 poisoned darts.
Found a robe.
The hobgoblin shouts!
The endoplasm quivers.
A quokka comes into view.
You hit the hobgoblin.
You kill the hobgoblin!
You hit the endoplasm.
The endoplasm is lightly wounded.
The hobgoblin closely misses you. The endoplasm freezes you.
You are frozen.
You hit the endoplasm.
The endoplasm is almost dead.
The hobgoblin barely misses you. The endoplasm hits you.
You hit the endoplasm.
You kill the endoplasm!
The hobgoblin barely misses you. The quokka closely misses you.
You hit the quokka.
The quokka is severely wounded.
The hobgoblin closely misses you. The quokka bites you.
You are too injured to fight recklessly!
You are too injured to fight recklessly!
The hobgoblin attacks as it pursues you!
The hobgoblin hits you. The quokka bites you.
* * * LOW HITPOINT WARNING * * *
The hobgoblin hits you.
* * * LOW HITPOINT WARNING * * *
A red film seems to cover your vision as you go berserk!
You feel yourself moving faster!
You feel mighty! The hobgoblin hits you.
* * * LOW HITPOINT WARNING * * *
The quokka bites you.
You die...

..#
#..##.........#
..#
##..#.........#
..##
##.#.........#
..8#
#..##########
..<# ##.# ..8#
#.# ..## #.###
..# #...### ..#
###@..##### 8##
#..rg.....# ##
#..(.:....#
#.........#
#[........#
#.........+
#.........#
#.........#
#.........#


You could see a quokka and a hobgoblin.

Vanquished Creatures
  2 endoplasms (D:1)
  2 hobgoblins (D:1)
  A kobold (D:1)
5 creatures vanquished.

Notes
Turn   | Place    | Note
-------+----------+-------------------------------------------
     0 | D:1      | ces the Gnoll Wanderer began the quest for the Orb.
     0 | D:1      | ces set off with the following items: a +0 long sword, a +0
                  | quarterstaff, a wand of flame (5), a potion of berserk
                  | rage, a +0 robe.
     0 | D:1      | Reached XP level 1. HP: 13/13 MP: 4/4
    97 | D:1      | Slain by a quokka

Illustrated notes

Levels and vault maps discovered:
D:1:      mrwooster_arrival_statue_2, layout_basic

Action                     || total
---------------------------++-------
  Melee: Long sword        ||    10
    Use: Potion            ||     1
   Stab: Sleeping          ||     2
 Armour: Robe              ||     8
  Dodge: Dodged            ||     7
